 Dungeon Crawl Stone Soup version 0.14-a0-663-gfc8c466 (console) character file.

14493 vanez the Cleaver (level 11, -1/95 HPs)
             Began as a Minotaur Berserker on Nov 5, 2013.
             Was the Champion of Trog.
             Slain by an orc knight
             ... wielding a +0,+1 orcish long sword
              (8 damage)
             ... on Level 4 of the Orcish Mines on Nov 6, 2013.
             The game lasted 02:45:36 (11420 turns).

vanez the Cleaver (Minotaur Berserker)             Turns: 11420, Time: 02:45:37

HP  -1/95        AC 19     Str 25      XL: 11   Next: 69%
MP   1/1         EV  7     Int  4      God: Trog [******]
Gold 1554        SH  0     Dex 10      Spells:  0 memorised, 10 levels left

Res.Fire  : . . .   See Invis. : .   a - +0,+7 dwarf battleaxe (antimagic)
Res.Cold  : . . .   Warding    : .   A - +0 plate armour
Life Prot.: . . .   Conserve   : +   (no shield)
Res.Poison: .       Res.Corr.  : .   (helmet restricted)
Res.Elec. : .       Clarity    : .   h - +0 cloak
Sust.Abil.: . .     Spirit.Shd : .   F - +0 pair of elf gloves (curse)
Res.Mut.  : .       Stasis     : .   g - +0 pair of boots
Res.Rott. : .       Flight     : .   y - amulet of conservation
Saprovore : . . .                    (no ring)
                                     (no ring)

@: exhausted, slowed, very slow, somewhat resistant to hostile enchantments,
extremely unstealthy
A: retaliatory headbutt, horns 2
a: Burn Spellbooks, Berserk, Trog's Hand, Brothers in Arms, Renounce Religion


You were on level 4 of the Orcish Mines.
You worshipped Trog.
Trog was exalted by your worship.
You were not hungry.

You visited 2 branches of the dungeon, and saw 14 of its levels.
You also visited: Bailey.

You collected 1554 gold pieces.

Inventory:

Hand weapons
 a - a +0,+7 dwarven anti-magic battleaxe (weapon)
 b - a +1,+0 battleaxe of flaming
 e - a +1,+8 lajatang of electrocution
 j - a +0 blowgun
 w - a cursed -1,-1 orcish scimitar
 J - a +3,+0 flail of holy wrath
Missiles
 i - 3 darts of flame (quivered)
 k - 5 curare-tipped needles
 q - 54 poisoned needles
Armour
 g - a +0 pair of boots (worn)
 h - a +0 cloak (worn)
 A - a +0 plate armour (worn)
 F - a cursed +0 pair of elven gloves (worn)
 K - a +2 ring mail of fire resistance
 L - the +2 pair of gloves of the Prince {rF++, unknown}
   (You found it on level 7 of the Dungeon)

   It greatly protects you from fire.
 N - a +0 shield
Magical devices
 p - a wand of polymorph (0)
 v - a wand of slowing (11)
 z - a wand of draining (6)
 B - a wand of draining (6)
 G - a wand of digging (12) {unknown}
 T - a wand of magic darts (10) {unknown}
 V - a wand of paralysis (0) {unknown}
Comestibles
 c - 2 bread rations
 d - a snozzcumber
 n - 2 chunks of goblin flesh
 o - 3 meat rations
 t - 4 chunks of orc flesh
Scrolls
 f - 2 scrolls of remove curse {unknown}
 r - 5 scrolls of teleportation
 C - a scroll of curse armour
 E - a scroll of noise
 P - a scroll of identify
Jewellery
 x - an uncursed amulet of resist mutation
 y - an amulet of conservation (around neck)
 Q - an uncursed ring of protection from magic
Potions
 l - 3 potions of restore abilities
 m - a potion of speed
 s - a potion of might
 u - a potion of confusion {unknown}
 D - a potion of poison {unknown}
 I - a potion of beneficial mutation {unknown}
 O - a potion of magic
 U - a potion of flight
Miscellaneous
 R - a bottled efreet
Rods
 M - a +0 rod of fiery destruction (13/13)
   (You found it on level 7 of the Dungeon)


   Skills:
 + Level 10.4 Fighting
 + Level 13.6 Axes
 + Level 3.9 Throwing
 + Level 10.7 Armour
 + Level 7.8 Dodging
 + Level 2.0 Stealth
   Level 4.0 Shields
 + Level 1.0 Evocations


You had 10 spell levels left.
You didn't know any spells.

Dungeon Overview and Level Annotations

Branches:
Dungeon (10/27)            Temple (0/1) D:7             Orc (4/4) D:10
   Lair (0/8) D:9
    Elf: Orc:3-4

Altars:
Sif Muna
Yredelemnul
Beogh

Annotations:
Orc:3 Urug


Innate Abilities, Weirdness & Mutations

You reflexively headbutt those who attack you in melee.
You have a pair of horns on your head.


Message History

The orc wizard flickers and vanishes!
Deactivating autopickup; reactivate with Ctrl-A.
The orc knight roars a battle-cry!
The orc knight hits you but does no damage.
You closely miss the orc knight.
The orc knight hits you but does no damage.
An orc and an orc warrior come into view.
You barely miss the orc knight. You headbutt the orc knight.
The orc knight is lightly wounded.
The orc knight roars a battle-cry!
The orc warrior goes into a battle-frenzy!
The orc knight hits you with an orcish long sword.
* * * LOW HITPOINT WARNING * * *
The orc moves out of view.
You closely miss the orc knight.
The orc knight hits you with an orcish long sword!
* * * LOW HITPOINT WARNING * * *
Something tries to affect you, but you resist.
The orc knight hits you with an orcish long sword!
You die...

#..
....#
##... .$
#....#.
..o#.{
.... #..
##.##.##
#....@.#
##.#o.##
#...#
#...#
.....
......
...#.##
...#


You could see an orc knight and an orc (frenzied).

Vanquished Creatures
  Josephine (D:10)
  An unseen horror (D:10)
  Pikel (D:5)
  A hill giant (D:10)
  2 orc knights (Bailey)
  Maurice (D:9)
  Psyche (D:10)
  A feature mimic (D:10)
  Grinder (D:5)
  Prince Ribbit (D:9)
  The ghost of Malachi the Insei, an average OpTm (D:4)
  A hill giant zombie (D:10)
  Eustachio (D:5)
  A hungry ghost (D:5)
  2 wyverns (D:9)
  Edmund (D:8)
  A hippogriff (D:9)
  A manticore (D:10)
  19 orc warriors
  2 ice beasts
  A mottled dragon (D:9)
  A necrophage (D:8)
  The ghost of 4tharraofdagon the Cudgeler, an average OgBe of Trog (D:5)
  A slave (D:5)
  A phantom (D:6)
  7 ogres
  A black bear (D:9)
  3 sky beasts (D:10)
  2 centaurs
  A warg (Orc:1)
  A big kobold (D:9)
  6 giant frogs
  A water moccasin (D:7)
  A komodo dragon skeleton (D:10)
  A gnoll sergeant (D:6)
  2 manticore skeletons
  A hippogriff zombie (D:5)
  5 killer bees (D:8)
  A yak zombie (D:10)
  A troll skeleton (D:10)
  A hippogriff skeleton (D:6)
  13 crimson imps
  A manticore simulacrum (D:10)
  2 centaur zombies
  2 quasits
  A giant frog zombie (D:9)
  3 goliath beetles
  An iguana (D:8)
  7 orc priests
  A soldier ant zombie (D:10)
  4 hounds
  2 jellies
  A giant frog skeleton (D:10)
  17 orc wizards
  A wyvern simulacrum (D:10)
  3 scorpions
  3 ogre zombies (D:6)
  11 worker ants
  A big kobold skeleton (D:10)
  An ogre skeleton (D:7)
  A hound zombie (D:5)
  A hound skeleton (D:8)
  A worker ant zombie (D:6)
  12 adders
  9 gnolls
  A worm zombie (D:6)
  7 worms
  An adder zombie (D:6)
  A giant centipede zombie (D:10)
  2 scorpion zombies
  A grey rat (D:5)
  3 giant eyeballs
  3 giant geckos
  91 orcs
  A bat skeleton (D:6)
  2 bat zombies
  17 goblins
  24 hobgoblins
  8 jackals
  An ooze (D:6)
  A quokka (D:4)
  3 ball pythons
  15 bats
  5 giant cockroaches
  A giant gecko zombie (D:6)
  A giant mite zombie (D:6)
  A goblin skeleton (D:4)
  A jackal skeleton (D:4)
  26 kobolds
  An orc skeleton (D:7)
  14 rats
  2 rat skeletons (D:4)
414 creatures vanquished.

Vanquished Creatures (others)
  A hobgoblin (D:5)
  A kobold (D:5)
  A plant (D:5)
3 creatures vanquished.

Grand Total: 417 creatures vanquished

Notes
Turn   | Place    | Note
--------------------------------------------------------------
     0 | D:1      | vanez, the Minotaur Berserker, began the quest for the Orb.
     0 | D:1      | Reached XP level 1. HP: 19/19 MP: 0/0
   367 | D:1      | Reached XP level 2. HP: 16/26 MP: 0/0
   412 | D:1      | Reached skill level 4 in Axes
   580 | D:1      | Acquired Trog's second power
   744 | D:1      | Reached XP level 3. HP: 31/33 MP: 1/1
  1510 | D:3      | Reached XP level 4. HP: 40/40 MP: 1/1
  2190 | D:4      | Noticed Malachi's ghost (average OpTm)
  2206 | D:4      | Killed Malachi's ghost
  2206 | D:4      | Reached skill level 5 in Fighting
  2206 | D:4      | Reached skill level 5 in Axes
  2206 | D:4      | Reached skill level 1 in Throwing
  2206 | D:4      | Reached XP level 5. HP: 47/47 MP: 1/1
  2206 | D:4      | Reached XP level 6. HP: 53/53 MP: 2/2
  2395 | D:4      | Noticed an ogre
  2402 | D:4      | HP: 3/79 [ogre/giant club (18)]
  2403 | D:4      | Killed an ogre
  3155 | D:4      | Reached skill level 1 in Stealth
  3278 | D:5      | Entered Level 5 of the Dungeon
  3278 | D:5      | Noticed a hungry ghost
  3298 | D:5      | Killed a hungry ghost
  3298 | D:5      | Reached skill level 5 in Dodging
  3298 | D:5      | Reached XP level 7. HP: 60/60 MP: 2/2
  3307 | D:5      | Noticed Grinder
  3465 | D:5      | Killed Grinder
  3465 | D:5      | Reached skill level 6 in Axes
  3465 | D:5      | Reached skill level 1 in Shields
  3580 | D:5      | Noticed 4tharraofdagon's ghost (average OgBe)
  3590 | D:5      | Killed 4tharraofdagon's ghost
  3590 | D:5      | Reached XP level 8. HP: 49/69 MP: 2/2
  3676 | D:5      | Noticed Pikel
  3685 | D:5      | Killed Pikel
  3685 | D:5      | Acquired Trog's third power
  3685 | D:5      | Reached skill level 7 in Axes
  3685 | D:5      | Reached skill level 5 in Armour
  3850 | D:5      | Noticed Eustachio
  3852 | D:5      | Reached skill level 1 in Evocations
  3860 | D:5      | Killed Eustachio
  3860 | D:5      | Reached skill level 8 in Axes
  3983 | D:5      | Paralysed by a giant eyeball for 2 turns
  4312 | D:6      | Reached XP level 9. HP: 75/75 MP: 4/4
  4586 | D:6      | Reached skill level 9 in Axes
  5114 | D:6      | Paralysed by a giant eyeball for 4 turns
  5120 | D:6      | Paralysed by a giant eyeball for 2 turns
  5151 | D:6      | Found a deep blue altar of Sif Muna.
  5508 | D:7      | Got a pair of fine gloves
  5730 | D:7      | Found a flagged portal.
  5741 | Bailey   | Entered a bailey
  5777 | Bailey   | Noticed an orc knight
  5793 | Bailey   | Killed an orc knight
  5793 | Bailey   | Reached skill level 10 in Axes
  6174 | Bailey   | Received a gift from Trog
  6262 | Bailey   | Noticed an orc knight
  6275 | Bailey   | Killed an orc knight
  6275 | Bailey   | Reached XP level 10. HP: 81/85 MP: 4/4
  6540 | D:7      | Found a staircase to the Ecumenical Temple.
  6585 | D:7      | Found a basalt altar of Yredelemnul.
  7178 | D:8      | Noticed Edmund
  7185 | D:8      | Killed Edmund
  7268 | D:8      | Reached skill level 11 in Axes
  7553 | D:9      | Noticed Maurice
  7554 | D:9      | Paralysed by a potion of paralysis for 2 turns
  7667 | D:9      | Noticed Prince Ribbit
  7677 | D:9      | Received a gift from Trog
  7681 | D:9      | Killed Prince Ribbit
  8003 | D:9      | Found a staircase to the Lair.
  8183 | D:9      | Killed Maurice
  8231 | D:9      | Reached skill level 12 in Axes
  8567 | D:10     | Entered Level 10 of the Dungeon
  8570 | D:10     | Reached XP level 11. HP: 93/93 MP: 4/4
  8618 | D:10     | Killed an unseen horror
  8819 | D:10     | Found a roughly hewn altar of Beogh.
  8822 | D:10     | Found a staircase to the Orcish Mines.
  8844 | D:10     | HP: 3/94 [orc warrior/orcish halberd (7)]
  9035 | D:10     | Noticed a hill giant
  9045 | D:10     | Killed a hill giant
  9045 | D:10     | Reached skill level 10 in Armour
  9614 | D:10     | Noticed Josephine
  9622 | D:10     | Paralysed by a giant eyeball for 4 turns
  9628 | D:10     | Killed Josephine
  9629 | D:10     | Paralysed by a giant eyeball for 2 turns
  9654 | D:10     | HP: 2/94 [manticore simulacrum[Josephine] (23)]
  9913 | D:10     | Reached skill level 13 in Axes
 10032 | D:10     | Noticed Psyche
 10042 | D:10     | Killed Psyche
 10062 | D:10     | Reached skill level 10 in Fighting
 10270 | D:10     | Paralysed by a giant eyeball for 3 turns
 10489 | D:10     | Upgraded the game from 0.14-a0-629-g748cab2 to 0.14-a0-663-gfc8c466
 10492 | Orc:1    | Entered Level 1 of the Orcish Mines
 10549 | Orc:1    | Received a gift from Trog
 11401 | Orc:3    | Noticed Urug
 11402 | Orc:3    | Noticed a stone giant
 11416 | Orc:4    | Entered Level 4 of the Orcish Mines
 11420 | Orc:4    | Slain by an orc knight

Action                   |  1- 3 |  4- 6 |  7- 9 | 10-12 || total
-------------------------+-------+-------+-------+-------++-------
Melee: Hand axe          |    82 |   114 |    43 |       ||   239
       War axe           |       |       |   279 |       ||   279
       Battleaxe         |       |       |    14 |   442 ||   456
       Unarmed           |       |       |       |     8 ||     8
Throw: Dart              |    10 |     8 |    10 |     9 ||    37
Invok: Berserk           |     1 |     4 |     6 |     7 ||    18
       Burn Spellbooks   |       |     1 |     1 |       ||     2
       Trog's Hand       |       |     1 |       |     2 ||     3
Evoke: Wand              |       |     1 |       |       ||     1
  Use: Scroll            |       |    14 |    10 |     9 ||    33
       Potion            |       |     1 |     6 |    11 ||    18
 Stab: Invisible         |       |       |     1 |       ||     1
